 Dungeon Crawl Stone Soup version 0.22.1-2-g9c5b331 (webtiles) character file.

1061 MalarOregon the Ducker (level 8, -4/60 HPs)
             Began as a Merfolk Transmuter on Nov 18, 2018.
             Was an Initiate of Nemelex Xobeh.
             Slain by a wight
             ... wielding a +3 short sword
              (13 damage)
             ... on level 6 of the Dungeon.
             The game lasted 00:17:35 (6632 turns).

MalarOregon the Ducker (Merfolk Transmuter)         Turns: 6632, Time: 00:17:36

Health: -4/60      AC:  6    Str: 11    XL:     8   Next: 27%
Magic:  7/13       EV: 13    Int: 14    God:    Nemelex Xobeh [......]
Gold:   282        SH:  0    Dex: 14    Spells: 3/13 levels left

rFire    . . .     SeeInvis .     - Unarmed
rCold    . . .     Gourm    .   (no shield)
rNeg     . . .     Faith    .   u - +1 leather armour of Evatyo {+Fly}
rPois    .         Spirit   .   A - +0 helmet
rElec    .         Reflect  .   E - +0 cloak
rCorr    .         Harm     +   (no gloves)
MR       .....                  (no boots)
Stlth    +.........             B - amulet of harm
HPRegen  0.20/turn              v - ring of wizardry
MPRegen  0.13/turn              z - +1 ring of evasion

@: heavily drained
A: change form in water, swift swim, stealthy swim
a: Renounce Religion, Evoke Flight


You were on level 6 of the Dungeon.
You worshipped Nemelex Xobeh.
Nemelex Xobeh was noncommittal.
You were hungry.

You visited 2 branches of the dungeon, and saw 7 of its levels.

You collected 282 gold pieces.

Inventory:

Hand Weapons
 r - a +0 spear
   (You took it off a gnoll on level 3 of the Dungeon)
Missiles
 a - 56 arrows
 d - 224 stones
 t - 15 poisoned needles
 C - 2 javelins (quivered)
Armour
 c - a scarf of repulsion
   (You found it on level 2 of the Dungeon)
 u - the +1 leather armour of Evatyo (worn) {+Fly}
   (You found it on level 4 of the Dungeon)

   It lets you fly.
 A - a +0 helmet (worn)
   (You found it on level 5 of the Dungeon)
 E - a +0 cloak (worn)
   (You found it on level 5 of the Dungeon)
Jewellery
 v - a ring of wizardry (left hand)
   (You found it on level 4 of the Dungeon)
 z - a +1 ring of evasion (right hand)
   (You found it on level 5 of the Dungeon)
 B - an amulet of harm (around neck)
   (You found it on level 5 of the Dungeon)
Scrolls
 h - 2 scrolls of immolation {unknown}
 i - 2 scrolls of teleportation {@r4}
 j - 5 scrolls of amnesia
 m - a scroll of magic mapping {unknown}
 n - a scroll of enchant armour {unknown}
 s - 2 scrolls of remove curse {@r2}
 x - a scroll of enchant weapon {unknown}
 y - a scroll of identify {@r1}
Potions
 b - a potion of cancellation {unknown}
 f - 2 potions of might {unknown}
 g - 2 potions of magic
 k - 2 potions of brilliance
 l - 3 potions of heal wounds {@q2}
 o - a potion of lignification {!q}
 p - a potion of berserk rage
 q - a potion of curing {@q1}
 w - a potion of agility
Miscellaneous
 D - a plain deck of summoning
   (Nemelex Xobeh gifted it to you on level 5 of the Dungeon)
Comestibles
 e - 10 rations {!d}
 F - 11 chunks of flesh


   Skills:
 * Level 4.0(1.2) Fighting
 + Level 2.0(0.0) Polearms
 * Level 2.9(0.2) Throwing
 * Level 5.3(2.5) Dodging
 * Level 5.2(2.4) Unarmed Combat
 + Level 3.3(0.6) Spellcasting
 + Level 4.4(1.6) Transmutations
 * Level 2.4(0.0) Ice Magic
 * Level 3.3(0.6) Poison Magic


You had 3 spell levels left.
You knew the following spells:

 Your Spells              Type           Power        Failure   Level  Hunger
a - Freeze                Ice            #...         16%         1    ##.....
c - Ice Form              Ice/Tmut       #.......     67%         4    #####..
s - Sticks to Snakes      Tmut           #.......     12%         2    ###....
x - Spider Form           Tmut/Pois      #.........   26%         3    ####...

Your spell library contained the following spells:

 Spells                   Type           Power        Failure   Level  Hunger
 Beastly Appendage        Tmut           #.....       8%          1    ##.....
 Throw Frost              Conj/Ice       #.....       22%         2    ###....
 Ozocubu's Armour         Chrm/Ice       #.......     38%         3    ####...
 Summon Ice Beast         Ice/Summ       #.......     78%         4    #####..
 Throw Icicle             Conj/Ice       #.......     78%         4    #####..
 Blade Hands              Tmut           #.........   87%         5    ######.


Dungeon Overview and Level Annotations

Branches:
Dungeon (6/15)             Temple (1/1) D:5

Altars:
Ashenzari
Dithmenos
Elyvilon
Fedhas
Gozag
Hepliaklqana
Nemelex Xobeh
Okawaru
Qazlal
Ru
Sif Muna
Trog
Uskayaw
Vehumet
Xom
Yredelemnul
Zin
The Shining One
Jiyva


Message History

Your adder bites the wight but does no damage.
The wight hits you with an enchanted short sword.
Your adder misses the wight. You hit the wight but do no damage.
The wight closely misses you.
The wight hits you with an enchanted short sword.
Your adder bites the wight but does no damage.
You hit the wight. The wight hits your adder with a spear.
Your adder barely misses the wight.
The wight hits your adder with an enchanted short sword!
Your adder dies!
You hit the wight.
The wight barely misses your ball python.
The wight hits you with an enchanted short sword.
You feel drained.
Your ball python closely misses the wight.
Your ball python grabs the wight.
Your ball python constricts the wight.
You hit the wight.
The wight closely misses your ball python.
Your ball python bites the wight but does no damage.
Your ball python constricts the wight.
The wight hits you with an enchanted short sword!
* * * LOW HITPOINT WARNING * * *
The wight hits you from afar with a spear.
* * * LOW HITPOINT WARNING * * *
You feel drained.
* * * LOW HITPOINT WARNING * * *
Your ball python barely misses the wight.
Your ball python constricts the wight.
The wight hits your ball python with an enchanted short sword!
Your ball python dies!
Casting: Sticks to Snakes (safe; 10% risk of failure)
You create a snake!
You now have 56 arrows.
Your ball python bites the wight but does no damage.
Your ball python grabs the wight.
Your ball python constricts the wight.
The wight hits you from afar with a spear.
* * * LOW HITPOINT WARNING * * *
You feel drained.
* * * LOW HITPOINT WARNING * * *
The wight hits your ball python with an enchanted short sword.
Your ball python dies!
The wight closely misses you.
Your ball python barely misses the wight.
Your ball python grabs the wight.
Your ball python constricts the wight.
The wight hits your ball python with a spear.
Your ball python dies!
Some of the chunks of flesh in your inventory have rotted away.
There is a stone staircase leading up, spattered with blood here.
The wight hits you with an enchanted short sword!
You die...
Your body disappears without a glow.

#...# .....# .. ....##
##.. #...#####....
#............
###............ #
###..............
.#######......z.........
...............z@#######
#...........z..###
#...........z.#
#.............##
##..#......#.).#
#..#########.)# #..#
##))# #..# #...# #..#
###..##


You could see 4 wights.

Vanquished Creatures
  The ghost of poxu the Grave Robber, an amateur DsNe (D:5)
  Duvessa (D:5)
  A big kobold (D:5)
  Dowan (D:5)
  A water moccasin skeleton (D:5)
  A scorpion (D:5)
  A hound (D:3)
  An orc priest (D:5)
  A centaur skeleton (D:5)
  An iguana (D:6)
  5 orc wizards
  2 worker ants (D:4)
  A worker ant zombie (D:5)
  3 gnolls (D:3)
  8 adders
  A shadow imp (D:5)
  An ooze (D:1)
  An adder zombie (D:5)
  An adder skeleton (D:4)
  2 worms (D:2)
  4 dart slugs
  4 leopard geckos
  16 orcs
  6 giant cockroaches
  14 goblins
  7 hobgoblins
  2 jackals (D:1)
  A quokka (D:3)
  A ball python (D:1)
  A ball python skeleton (D:5)
  8 bats
  3 frilled lizards
  15 kobolds
  A leopard gecko skeleton (D:5)
  7 rats
125 creatures vanquished.

Notes
Turn   | Place    | Note
-------+----------+-------------------------------------------
     0 | D:1      | MalarOregon the Merfolk Transmuter began the quest for the
                  | Orb.
     0 | D:1      | Reached XP level 1. HP: 15/15 MP: 3/3
   116 | D:1      | Reached XP level 2. HP: 20/21 MP: 3/5
   216 | D:1      | Learned a level 2 spell: Sticks to Snakes
   483 | D:1      | Reached XP level 3. HP: 25/26 MP: 4/6
  1231 | D:2      | Found a basalt altar of Yredelemnul.
  1666 | D:2      | Reached XP level 4. HP: 33/33 MP: 5/7
  1671 | D:2      | Learned a level 3 spell: Spider Form
  1905 | D:2      | Found a stormy altar of Qazlal.
  2298 | D:2      | Reached skill level 1 in Throwing
  2549 | D:3      | Found a white marble altar of Elyvilon.
  2586 | D:3      | Reached XP level 5. HP: 27/38 MP: 2/8
  2603 | D:3      | Reached skill level 1 in Poison Magic
  2952 | D:3      | Found a faded altar of an unknown god.
  3246 | D:3      | Found a shadowy altar of Dithmenos.
  3262 | D:3      | Reached XP level 6. HP: 36/46 MP: 4/10
  3999 | D:4      | Found an iron altar of Okawaru.
  4187 | D:4      | Got a distressingly furry leather armour
  4775 | D:5      | Entered Level 5 of the Dungeon
  4795 | D:5      | Found a shattered altar of Ashenzari.
  4817 | D:5      | Identified the +1 leather armour of Evatyo {+Fly} (You
                  | found it on level 4 of the Dungeon)
  4829 | D:5      | Learned a level 4 spell: Ice Form
  4910 | D:5      | Found a runed gate.
  4910 | D:5      | Found a runed gate.
  4910 | D:5      | Found a runed gate.
  5057 | D:5      | Found a staircase to the Ecumenical Temple.
  5071 | Temple   | Entered the Ecumenical Temple
  5114 | Temple   | Became a worshipper of Nemelex Xobeh the Trickster
  5280 | D:5      | Noticed poxu's ghost (amateur DsNe)
  5334 | D:5      | Learned a level 1 spell: Freeze
  5355 | D:5      | Noticed Dowan
  5356 | D:5      | Noticed Duvessa
  5369 | D:5      | Killed Duvessa
  5369 | D:5      | Reached skill level 1 in Ice Magic
  5369 | D:5      | Reached XP level 7. HP: 31/52 MP: 8/11
  5372 | D:5      | Killed Dowan
  5372 | D:5      | Reached skill level 1 in Polearms
  5628 | D:5      | Reached skill level 5 in Unarmed Combat
  5682 | D:5      | Received a gift from Nemelex Xobeh
  5759 | D:5      | Found a hide-covered altar of Uskayaw.
  5759 | D:5      | Found a radiant altar of Vehumet.
  6007 | D:5      | Killed poxu's ghost
  6007 | D:5      | Reached skill level 5 in Dodging
  6007 | D:5      | Reached XP level 8. HP: 60/60 MP: 8/12
  6632 | D:6      | Slain by a wight

Skill      XL: |  1  2  3  4  5  6  7  8 |
---------------+-------------------------+-----
Dodging        | 3 4 5 |  5.3
Transmutations | 3 4 |  4.4
Fighting       | 2 3 4 |  4.0
Throwing       | 1 2 |  2.9
Unarmed Combat | 4 5 |  5.2
Poison Magic   | 1 2 3 |  3.3
Spellcasting   | 3 |  3.3
Ice Magic      | 1 2 |  2.4
Polearms       | 1 2 |  2.0

Action                   |  1- 3 |  4- 6 |  7- 9 || total
-------------------------+-------+-------+-------++-------
Melee: Unarmed           |    94 |   201 |   102 ||   397
       Headbutt          |    18 |       |       ||    18
       Punch             |       |       |     2 ||     2
Throw: Stone             |    69 |    55 |     3 ||   127
       Javelin           |       |     7 |     6 ||    13
 Cast: Beastly Appendage |    27 |     1 |       ||    28
       Spider Form       |       |    20 |     4 ||    24
       Ice Form          |       |       |     2 ||     2
       Sticks to Snakes  |       |       |     5 ||     5
  Use: Scroll            |     1 |    10 |       ||    11
 Stab: Sleeping          |     3 |     4 |       ||     7
  Eat: Chunk             |     3 |    11 |     2 ||    16
       Ration            |       |     1 |     1 ||     2
Armor: Robe              |    13 |     6 |       ||    19
       Skin              |       |     3 |     2 ||     5
       Leather armour    |       |     3 |     7 ||    10
Dodge: Dodged            |    51 |   132 |    75 ||   258
       Deflected         |       |     1 |     2 ||     3
